Map: Thunderbird LE

Players

HAS - Winner!

  • Race: Protoss Protoss
  • Spawn Location: 5:00

CatZ

  • Race: Zerg Zerg
  • League: Grandmaster
  • Spawn Location: 11:00

Event: NationWars 2019

VOD

Have the link to the VOD?

Description

Time

  • Played on: Oct. 6, 2019, 12:24 p.m.
  • Length: 14:51

All games in this series

Show
View Real Time Build Order
Export as new Build Order

HAS Protoss - Winner!

Build Orders: Oracle Opening 

Get SALT Encoding   

  12  0:00  Probe  
  13  0:13  Probe  
  14  0:20  Pylon  
  14  0:25  Probe  
  15  0:38  Probe (Chrono Boost)  
  15  0:40  Gateway  
  16  0:47  Probe (Chrono Boost)  
  16  0:48  Assimilator  
  17  0:52  Probe (Chrono Boost)  
  18  1:04  Probe  
  19  1:16  Probe  
  20  1:22  Assimilator  
  20  1:28  Cybernetics Core  
  20  1:29  Probe  
  20  1:31  Zealot (Chrono Boost)  
  21  1:38  Pylon  
  23  1:46  Pylon  
  24  2:03  Adept (Chrono Boost)  
  24  2:07  Stargate  
  25  2:12  Probe  
  26  2:23  Warp Gate  
  26  2:24  Adept  
  28  2:35  Pylon  
  28  2:50  Oracle  
  31  3:01  Shield Battery  
  31  3:13  Shield Battery  
  31  3:27  Nexus  
  31  3:46  Oracle (Chrono Boost), Probe  
  35  3:58  Probe  
  36  4:10  Probe  
  37  4:17  Gateway  
  37  4:19  Oracle  
  37  4:22  Probe  
  37  4:23  Sentry  
  39  4:34  Probe (Chrono Boost)  
  39  4:37  Twilight Council  
  40  4:43  Probe (Chrono Boost)  
  42  4:46  Probe (Chrono Boost)  
  42  4:52  Probe (Chrono Boost)  
  43  4:54  Gateway  
  43  4:55  Gateway  
  43  4:57  Probe (Chrono Boost)  
  43  4:59  Probe  
  45  5:09  Probe  
  45  5:11  Probe  
  44  5:18  Resonating Glaives (Chrono Boost)  
  44  5:21  Stalker x2, Probe  
  47  5:29  Probe  
  47  5:33  Probe  
  48  5:38  Pylon  
  48  5:41  Probe  
  49  5:45  Probe  
  50  5:56  Adept x2  
  54  5:57  Adept x2  
  58  6:06  Pylon  
  58  6:17  Pylon  
  58  6:23  Shield Battery  
  60  6:27  Adept x2  
  60  6:30  Pylon  
  62  6:35  Probe x2  
  62  6:36  Adept x2  
  67  6:40  Gateway  
  67  6:47  Probe x2  
  67  6:51  Adept x2  
  73  6:54  Gateway  
  73  6:57  Gateway  
  73  6:58  Adept x2  
  73  7:06  Pylon  
  73  7:08  Pylon  
  73  7:16  Adept  
  70  7:24  Adept x3  
  58  7:38  Adept x2  
  54  7:45  Adept x2  
  54  7:46  Adept  
  54  7:49  Blink (Chrono Boost)  
  54  7:50  Probe x2  
  62  7:51  Phoenix  
  62  7:54  Nexus  
  62  7:56  Pylon  
  62  8:01  Assimilator x2  
  62  8:02  Probe x2  
  63  8:14  Probe x2, Forge  
  63  8:15  Sentry x2  
  63  8:16  Sentry  
  71  8:22  Pylon  
  71  8:25  Stalker x2  
  75  8:29  Probe x2  
  77  8:35  Stalker  
  77  8:39  Shield Battery  
  77  8:41  Probe  
  80  8:43  Stalker x2  
  80  8:47  Probe  
  81  8:57  Stalker x2  
  81  9:00  Sentry  
  66  9:06  Adept x3  
  68  9:29  Adept  
  68  9:30  Adept x5  
  80  9:40  Protoss Ground Armor Level 1 (Chrono Boost)  
  80  9:51  Stalker x2  
  80  9:52  Stalker x2  
  84  9:56  Sentry  
  84  9:57  Adept  
  88  10:00  Pylon  
  88  10:01  Pylon  
  84  10:17  Stalker x4  
  92  10:26  Adept x2  
  92  10:50  Adept  
  92  10:53  Nexus  
  94  10:57  Pylon  
  94  11:11  Probe x2  
  82  11:30  Stalker x6  
  86  11:33  Probe x2  
  78  11:45  Probe x2, Protoss Ground Armor Level 2 (Chrono Boost)  
  72  11:55  Adept x2, Sentry  
  72  11:56  Stalker, Sentry x2  
  72  11:57  Probe  
  72  12:00  Probe  
  82  12:06  Probe  
  83  12:10  Robotics Facility  
  83  12:17  Assimilator  
  83  12:18  Pylon  
  83  12:21  Sentry  
  83  12:22  Sentry, Assimilator  
  85  12:28  Stalker x2  
  91  12:31  Forge  
  91  12:32  Probe  
  92  12:50  Stalker x2  
  95  12:56  Probe  
  96  13:03  Observer (Chrono Boost)  
  96  13:15  Probe x2  
  98  13:24  Probe  
  98  13:26  Pylon  
  99  13:27  Nexus, Probe  
  99  13:28  Pylon  
  99  13:29  Probe  
  99  13:31  Stalker x6  
  113  13:40  Phoenix, Probe  
  114  13:41  Probe  
  114  13:45  Probe, Gateway  
  114  13:46  Gateway  
  116  13:52  Probe  
  116  13:53  Photon Cannon  
  116  13:54  Probe  
  118  13:57  Probe  
  118  14:04  Probe  
Show
View Real Time Build Order
Export as new Build Order

CatZ Zerg 

Build Orders: 3 Hatch before Pool 

Get SALT Encoding   

  12  0:00  Drone  
  13  0:12  Overlord  
  13  0:16  Drone  
  14  0:30  Drone x2  
  14  0:35  Drone  
  17  0:53  Hatchery  
  16  0:57  Drone  
  17  1:17  Hatchery  
  16  1:19  Drone  
  17  1:33  Spawning Pool  
  17  1:36  Drone  
  17  1:38  Extractor  
  16  1:41  Drone  
  16  1:45  Drone  
  18  1:50  Drone  
  19  1:58  Drone  
  20  2:06  Drone  
  22  2:08  Drone  
  22  2:18  Drone  
  22  2:20  Queen  
  22  2:21  Queen  
  27  2:25  Drone  
  29  2:30  Overlord  
  29  2:39  Metabolic Boost  
  29  2:44  Hatchery  
  29  2:48  Zergling x2  
  29  2:49  Zergling x4  
  29  2:50  Zergling x2  
  32  2:53  Drone  
  33  3:06  Drone x2, Evolution Chamber  
  34  3:14  Drone x2  
  36  3:24  Zergling x2  
  36  3:26  Overlord  
  35  3:33  Zergling x2  
  36  3:35  Zerg Melee Weapons Level 1  
  32  3:44  Zergling x4  
  32  3:45  Zergling x6  
  32  3:47  Spore Crawler  
  34  3:51  Spore Crawler  
  30  4:09  Drone x5  
  33  4:17  Drone  
  33  4:24  Queen  
  33  4:25  Drone  
  33  4:30  Drone  
  33  4:31  Drone x3  
  39  4:34  Drone  
  39  4:36  Queen  
  42  4:40  Zergling x2  
  43  4:47  Zergling x2  
  43  4:52  Overlord  
  44  5:05  Overlord  
  36  5:18  Drone x3  
  36  5:19  Drone  
  36  5:20  Zergling x2, Lair  
  41  5:23  Drone  
  41  5:25  Queen  
  45  5:28  Zergling x2  
  45  5:34  Hatchery  
  45  5:35  Drone  
  45  5:39  Drone x3  
  48  5:48  Zergling x6  
  50  6:01  Pneumatized Carapace  
  49  6:08  Zergling x2  
  49  6:09  Zergling x2  
  49  6:10  Overlord  
  51  6:13  Baneling Nest  
  50  6:19  Overlord  
  50  6:20  Zergling x2  
  50  6:24  Overlord  
  51  6:29  Zergling x8  
  51  6:30  Zergling x8  
  59  6:44  Queen  
  61  6:59  Baneling  
  61  7:00  Baneling x3  
  60  7:04  Queen  
  60  7:05  Queen  
  55  7:16  Zergling x30  
  62  7:33  Zergling x10  
  59  7:44  Drone  
  59  7:49  Zergling x8  
  64  7:58  Baneling  
  64  7:59  Baneling x2  
  64  8:14  Zergling x20  
  74  8:24  Spine Crawler  
  74  8:26  Baneling x2  
  73  8:27  Baneling  
  73  8:30  Zergling x2  
  73  8:34  Zergling x2  
  73  8:35  Zergling x6  
  62  9:05  Drone  
  62  9:06  Drone x6  
  66  9:20  Queen x2  
  67  9:25  Drone x3  
  67  9:26  Drone, Queen  
  67  9:30  Drone  
  74  9:32  Baneling  
  74  9:33  Baneling x4  
  74  9:36  Drone x2  
  74  9:37  Drone  
  77  9:43  Drone x3  
  75  9:54  Drone  
  75  9:55  Drone x2  
  75  9:56  Drone, Queen  
  75  9:59  Drone  
  82  10:00  Extractor  
  82  10:05  Zergling x2  
  82  10:06  Zergling x6  
  80  10:12  Zergling x2  
  80  10:13  Zergling x2  
  77  10:16  Hydralisk Den  
  74  10:22  Overlord  
  68  10:38  Zergling x12  
  72  10:47  Hydralisk  
  72  10:48  Hydralisk  
  72  10:49  Spine Crawler, Zergling x12  
  73  10:50  Spine Crawler  
  73  10:51  Extractor x2  
  73  10:52  Zergling x2, Baneling  
  73  10:53  Spine Crawler  
  73  10:56  Queen x2  
  74  10:57  Spine Crawler  
  74  11:03  Queen  
  74  11:09  Baneling  
  74  11:10  Zergling x2, Baneling x2  
  74  11:11  Zergling x8  
  74  11:17  Hydralisk  
  65  11:20  Zergling x4  
  58  11:29  Hydralisk  
  49  11:34  Zergling x2  
  49  11:35  Zergling x14  
  48  11:43  Drone x2  
  43  11:55  Drone  
  43  11:57  Drone x2  
  43  11:58  Drone  
  47  12:06  Drone x3  
  50  12:13  Drone  
  50  12:15  Drone x3  
  54  12:26  Drone x2  
  54  12:28  Drone x3  
  59  12:38  Drone x3  
  62  12:50  Drone x3  
  63  12:52  Overlord  
  63  12:56  Muscular Augments  
  63  12:58  Hydralisk x4  
  58  13:05  Hydralisk  
  63  13:09  Drone  
  63  13:11  Hydralisk, Overlord  
  68  13:14  Hydralisk  
  70  13:20  Hydralisk  
  70  13:22  Extractor  
  70  13:25  Extractor, Hydralisk  
  72  13:33  Hydralisk  
  74  13:35  Drone x2  
  74  13:36  Zergling x10  
  81  13:42  Drone  
  81  13:47  Overseer  
  82  13:54  Overlord  
  82  13:56  Baneling x7  
  82  13:57  Overlord  
  82  13:58  Overlord  
  68  14:15  Hydralisk x5  
  68  14:16  Hydralisk  
  68  14:19  Hydralisk  
Tags
 
Add a new tag
Caveats
  • Supply blocks, unpowered buildings, or Contaminate may cause inaccurate times.
  • Supply counts are checked every 10 seconds.